 Dungeon Crawl Stone Soup version 0.18-a0-1454-g5e6cd1e (webtiles) character file.

140 KarvaRausku the Skirmisher (level 5, -5/44 HPs)
             Began as a Formicid Fighter on Mar 1, 2016.
             Was an Initiate of Okawaru.
             Slain by a crocodile (14 damage)
             ... in a sewer.
             The game lasted 00:07:02 (1940 turns).

KarvaRausku the Skirmisher (Formicid Fighter)       Turns: 1940, Time: 00:07:02

Health: -5/44      AC:  6    Str: 21    XL:     5   Next: 47%
Magic:  5/5        EV:  7    Int:  7    God:    Okawaru [......]
Gold:   190        SH:  9    Dex: 11    Spells: 0 memorised, 4 levels left

rFire  . . .     SeeInvis +     a - +0 long sword
rCold  . . .     Gourm    .     b - +0 scale mail
rNeg   . . .     Faith    .     c - +0 shield
rPois  .         Spirit   .     (helmet unavailable)
rElec  .         Dismiss  +     (no cloak)
rCorr  .         Reflect  .     (no gloves)
SustAt .         Harm     .     (no boots)
MR     .....                    p - amulet of dismissal
Stlth  ..........               (no ring)
                                (no ring)

@: not resistant to hostile enchantments, extremely unstealthy
A: permanent stasis, dig shafts and tunnels, four strong arms, antennae 3
a: Dig, Shaft Self, Renounce Religion


You were in a sewer.
You worshipped Okawaru.
Okawaru was noncommittal.
You were not hungry.

You visited 1 branch of the dungeon, and saw 3 of its levels.
You also visited: Sewer.

You collected 190 gold pieces.

Inventory:

Hand Weapons
 a - a +0 long sword (weapon)
Armour
 b - a +0 scale mail (worn)
 c - a +0 shield (worn)
 k - a +0 cloak
Jewellery
 e - an uncursed amulet of faith
 p - an amulet of dismissal (around neck)
Scrolls
 g - a scroll of remove curse
 h - 2 scrolls of identify {unknown}
 n - a scroll of fear {unknown}
 o - a scroll of recharging {unknown}
Potions
 d - a potion of might
 i - 3 potions of heal wounds
 j - a potion of brilliance {unknown}
 l - 3 potions of curing {unknown}
 q - a potion of beneficial mutation {unknown}
Comestibles
 f - 2 bread rations
 m - a beef jerky


   Skills:
 + Level 5.2 Fighting
 + Level 3.6 Long Blades
 - Level 3.4 Armour
 - Level 3.6 Shields


You had 4 spell levels left.
You didn't know any spells.

Dungeon Overview and Level Annotations

Branches:
Dungeon (3/15)

Altars:
Okawaru


Innate Abilities, Weirdness & Mutations

You are under a permanent stasis effect.
You can dig through walls and to a lower floor.
Your four strong arms can wield two-handed weapons with a shield.
You have a pair of large antennae on your head (SInv).


Message History

No target in view!
No target in view!
No target in view!
No target in view!
Found 20 stones.
i - 3 potions of heal wounds (gained 1)
o - a scroll labeled GUK PEHIPLAW You enter the shallow water.
Moving in this stuff is going to be slow.
You now have 171 gold pieces (gained 9).
You now have 190 gold pieces (gained 19).
You enter the shallow water.
Moving in this stuff is going to be slow.
You sense a monster nearby.
You enter the shallow water.
Moving in this stuff is going to be slow.
The crocodile bites you!
* * * LOW HITPOINT WARNING * * *
The crocodile bites you!
You die...

#.≈# #≈.#
#..## #≈≈#
#...# ≈..#
##..###≈.##
#...#...#
##..≈..#
#≈..≈≈#
##t.≈##
###≈@.###
#.≈#.#..#
#(.#.#[.#
#########


You could see a crocodile.

Vanquished Creatures
  Jessica (D:2)
  3 adders (D:2)
  A river rat (D:3)
  An ooze (D:2)
  2 worms (D:2)
  3 dart slugs
  3 giant geckos
  An orc (D:3)
  2 giant cockroaches
  7 goblins
  4 hobgoblins
  6 jackals
  8 kobolds
  A ball python (D:3)
  6 bats
  4 giant newts
  8 rats
61 creatures vanquished.

Notes
Turn   | Place    | Note
--------------------------------------------------------------
     0 | D:1      | KarvaRausku the Formicid Fighter began the quest for the Orb.
     0 | D:1      | Reached XP level 1. HP: 18/18 MP: 1/1
    67 | D:1      | Reached XP level 2. HP: 14/24 MP: 2/2
   209 | D:1      | Reached XP level 3. HP: 19/30 MP: 3/3
   216 | D:1      | Reached skill level 4 in Fighting
   756 | D:2      | Reached XP level 4. HP: 34/38 MP: 4/4
   835 | D:2      | Noticed Jessica
   856 | D:2      | Killed Jessica
   996 | D:2      | Found a faded altar to an unknown god.
  1038 | D:2      | Found an iron altar of Okawaru.
  1048 | D:2      | Reached XP level 5. HP: 26/43 MP: 5/5
  1054 | D:2      | Became a worshipper of Warmaster Okawaru
  1343 | D:2      | Reached skill level 5 in Fighting
  1540 | D:3      | Found a glowing drain.
  1697 | Sewer    | Entered a sewer
  1908 | Sewer    | Noticed a crocodile
  1940 | Sewer    | Slain by a crocodile

Vault maps used:
D:1:      minmay_arrival_open_corners
D:2:      okawaru_trees_2, ecumenical_altar_2, uniq_jessica
D:3:      vehumet_crystals, portal_sewer_entry_b,
          nicolae_ru_great_annihilating_truth
Sewer:    sewer_the_crocodile

Skill      XL: |  1  2  3  4  5 |
---------------+----------------+-----
Fighting       | 4 5 |  5.2
Long Blades    | 3 |  3.6
Armour         | |  3.4
Shields        | |  3.6

Action                   |  1- 3 |  4- 6 || total
-------------------------+-------+-------++-------
Melee: Long sword        |   101 |   132 ||   233
 Abil: Dig               |     1 |     4 ||     5
  Use: Scroll            |       |     3 ||     3
       Potion            |       |     2 ||     2
  Eat: Chunk             |       |     4 ||     4
